 Dungeon Crawl Stone Soup version 0.19.0-2-gae57169 (webtiles) character file.

1393 dracos369 the Chiller (level 9, -4/53 HPs)
             Began as a Kobold Ice Elementalist on Nov 5, 2016.
             Was an Initiate of Dithmenos.
             Slain by an orc warrior
             ... wielding a +0 trident
              (19 damage)
             ... on level 7 of the Dungeon.
             The game lasted 00:42:29 (6904 turns).

dracos369 the Chiller (Kobold Ice Elementalist)     Turns: 6904, Time: 00:42:30

Health: -4/53      AC:  4    Str:  5    XL:     9   Next: 0%
Magic:  1/13       EV: 15    Int: 19    God:    Dithmenos [......]
Gold:   280        SH:  6    Dex: 19    Spells: 6 memorised, 1 level left

rFire  . . .     SeeInvis .     a - +1 dagger (venom)
rCold  . . .     Gourm    .     f - +1 robe {rN+}
rNeg   + . .     Faith    .     v - +0 buckler
rPois  .         Spirit   .     (no helmet)
rElec  .         Reflect  .     (no cloak)
rCorr  .         Harm     .     k - +0 pair of gloves
MR     .....                    (no boots)
Stlth  +++.......               (no amulet)
                                z - ring of flight
                                y - +3 ring of dexterity

@: very slightly contaminated
A: talons 1, carnivore 3
a: Renounce Religion, Evoke Flight


You were on level 7 of the Dungeon.
You worshipped Dithmenos.
Dithmenos was noncommittal.
You were very full.

You visited 2 branches of the dungeon, and saw 8 of its levels.

You collected 280 gold pieces.

Inventory:

Hand Weapons
 a - a +1 dagger of venom (weapon)
 b - a +1 spear of pain
 u - the +11 hand axe of Aluuschea {antimagic, rF++ rC++ Dex-3}
   (You found it on level 4 of the Dungeon)

   It reduces the magical energy of the wielder, and disrupts the spells and
   magical abilities of those hit.
   Natural abilities and divine invocations are not affected.
   It affects your dexterity (-3).
   It greatly protects you from fire.
   It greatly protects you from cold.
Armour
 f - a +1 robe of positive energy (worn)
 k - a +0 pair of gloves (worn)
 v - a +0 buckler (worn)
Jewellery
 y - a +3 ring of dexterity (left hand)
 z - a ring of flight (right hand)
 C - an uncursed ring of ice {unknown}
Wands
 j - a wand of enslavement (16/24)
Scrolls
 d - 2 scrolls of amnesia
 e - 5 scrolls of teleportation
 h - 3 scrolls of enchant armour
 l - a scroll of recharging
 s - a scroll of blinking
 t - a scroll of immolation
 x - 2 scrolls of remove curse
Potions
 g - a potion of flight
 i - a potion of might
 m - 2 potions of haste
 n - 2 potions of curing
 q - 3 potions of ambrosia
 w - 2 potions of cancellation
 E - a potion of magic {unknown}
Books
 p - Jessica's Tome of Sinister Rituals
   (You found it on level 2 of the Dungeon)

   Spells                             Type                      Level
   a - Animate Skeleton               Necromancy                   1
   b - Pain                           Necromancy                   1
 A - a book of Frost

   Spells                             Type                      Level
   a - Freeze                         Ice                          1
   b - Throw Frost                    Conjuration/Ice              2
   c - Ozocubu's Armour               Charms/Ice                   3
   d - Throw Icicle                   Conjuration/Ice              4
   e - Summon Ice Beast               Ice/Summoning                4
 D - a book of Callings

   Spells                             Type                      Level
   a - Summon Small Mammal            Summoning                    1
   b - Call Imp                       Summoning                    2
   c - Call Canine Familiar           Summoning                    3
   d - Summon Guardian Golem          Hexes/Summoning              3
   e - Summon Lightning Spire         Summoning/Air                4
   f - Summon Ice Beast               Ice/Summoning                4
Comestibles
 c - a meat ration
 o - 4 chunks of flesh
 r - 2 slices of pizza
 B - a beef jerky


   Skills:
 + Level 4.9 Fighting
 - Level 4.0 Short Blades
 - Level 2.4 Dodging
 - Level 4.0 Stealth
 - Level 3.0 Shields
 + Level 3.1 Spellcasting
 - Level 1.0 Conjurations
 + Level 2.5 Summonings
 + Level 0.8 Necromancy
 - Level 7.0 Ice Magic


You had one spell level left.
You knew the following spells:

 Your Spells              Type           Power        Failure   Level  Hunger
a - Animate Skeleton      Necr           N/A          14%         1    None
b - Summon Ice Beast      Ice/Summ       ###.....     28%         4    ####...
c - Call Imp              Summ           ##......     12%         2    ##.....
o - Ozocubu's Armour      Chrm/Ice       ###.....     17%         3    ###....
t - Throw Frost           Conj/Ice       ###...       8%          2    ##.....
z - Freeze                Ice            ####         1%          1    None


Dungeon Overview and Level Annotations

Branches:
Dungeon (7/15)             Temple (1/1) D:7

Altars:
Ashenzari
Cheibriados
Dithmenos
Elyvilon
Fedhas
Gozag
Hepliaklqana
Kikubaaqudgha
Makhleb
Nemelex Xobeh
Okawaru
Qazlal
Ru
Sif Muna
Trog
Uskayaw
Vehumet
Xom
Yredelemnul
Zin
The Shining One

Annotations:
D:5 flaming loot


Innate Abilities, Weirdness & Mutations

You are small and have problems with some larger weapons.
You are carnivorous and can eat meat at any time.
You have sharp toenails.


Message History

The orc warrior is heavily wounded.
The orc warrior misses you.
Your crimson imp hits the orc warrior but does no damage.
Casting: Call Imp
Confirm with . or Enter, or press ? or * to list all spells.
Aiming: Freeze
Press: ? - help, Shift-Dir - straight line, f - orc warrior
Aim: an orc warrior, wielding a trident and wearing a plate armour (heavily wounded, poisoned)
You freeze the orc warrior.
The orc warrior is almost dead.
The orc warrior hits you with a trident!
* * * LOW HITPOINT WARNING * * *
Your crimson imp hits the orc warrior.
Unknown command.
You hit the orc warrior but do no damage.
The orc warrior looks as sick as possible!
You claw the orc warrior, but do no damage.
The orc warrior is almost dead.
The orc warrior hits you with a trident!!
You die...

#....# .. #....####.#
#....#....# #####......#
..... #.......)..# ##....
##.##...#.#######....#
#...................#
####................
#..@...........#
#..o5.......#.#####
###...###...........#
#...................#
####.#.................##
#....#......#...........#
#.........###............
#.....)).## #........[.##
#....#.[.# ###..####.###


You could see an orc warrior and a friendly crimson imp.

Vanquished Creatures
  Duvessa (D:5)
  2 ogres (D:5)
  2 centaurs
  A bullfrog (D:6)
  Dowan (D:5)
  A scorpion (D:5)
  2 crimson imps
  5 hounds
  An orc priest (D:3)
  Jessica (D:2)
  An iguana (D:7)
  4 worker ants
  2 orc wizards
  A worker ant zombie (D:6)
  10 adders
  An adder skeleton (D:7)
  2 worms (D:3)
  2 dart slugs
  7 leopard geckos
  21 orcs
  6 giant cockroaches
  8 goblins
  11 hobgoblins
  8 jackals
  6 quokkas
  3 ball pythons
  10 bats
  6 frilled lizards
  A jackal zombie (D:5)
  8 kobolds
  8 rats
143 creatures vanquished.

Vanquished Creatures (collateral kills)
  A bullfrog (D:5)
  A bullfrog zombie (D:5)
  A jelly (D:6)
  2 orc wizards (D:5)
  A howler monkey skeleton (D:6)
  5 orcs
  A jackal (D:3)
  A leopard gecko skeleton (D:4)
13 creatures vanquished.

Vanquished Creatures (others)
  A hound (D:5)
  A worker ant (D:5)
  An adder (D:5)
  An orc (D:3)
4 creatures vanquished.

Grand Total: 160 creatures vanquished

Notes
Turn   | Place    | Note
-------+----------+-------------------------------------------
     0 | D:1      | dracos369 the Kobold Ice Elementalist began the quest for the Orb.
     0 | D:1      | Reached XP level 1. HP: 10/10 MP: 3/3
   590 | D:1      | Reached XP level 2. HP: 14/15 MP: 5/5
   961 | D:1      | Reached skill level 4 in Ice Magic
   961 | D:1      | Reached XP level 3. HP: 19/19 MP: 6/6
  1426 | D:2      | Reached XP level 4. HP: 21/24 MP: 5/7
  1705 | D:2      | Learned a level 3 spell: Ozocubu's Armour
  1708 | D:2      | Learned a level 2 spell: Throw Frost
  1806 | D:2      | Reached skill level 5 in Ice Magic
  2009 | D:2      | Noticed Jessica
  2017 | D:2      | Killed Jessica
  2017 | D:2      | Reached XP level 5. HP: 20/28 MP: 5/8
  2024 | D:2      | Identified Jessica's Tome of Sinister Rituals
  2039 | D:2      | Learned a level 1 spell: Animate Skeleton
  2496 | D:3      | Found a sacrificial altar of Ru.
  2604 | D:3      | Reached skill level 6 in Ice Magic
  2688 | D:3      | Reached XP level 6. HP: 13/32 MP: 3/9
  3737 | D:4      | Reached skill level 1 in Short Blades
  4093 | D:4      | Reached skill level 1 in Shields
  4219 | D:4      | Got a pitted hand axe
  4220 | D:4      | Identified the +11 hand axe of Aluuschea {antimagic, rF++ rC++ Dex-3} (You found it on level 4 of the Dungeon)
  4429 | D:5      | Entered Level 5 of the Dungeon
  4472 | D:5      | Reached XP level 7. HP: 36/36 MP: 11/11
  4487 | D:5      | Reached skill level 1 in Fighting
  4975 | D:5      | Noticed Duvessa
  5124 | D:5      | Noticed Dowan
  5164 | D:5      | Reached XP level 8. HP: 19/48 MP: 6/12
  5196 | D:4      | Learned a level 4 spell: Summon Ice Beast
  5362 | D:5      | Killed Duvessa
  5640 | D:5      | Killed Dowan
  5776 | D:5      | Reached skill level 1 in Summonings
  6170 | D:6      | Gained mutation: You have sharp toenails. [potion of beneficial mutation]
  6396 | D:6      | Reached skill level 7 in Ice Magic
  6611 | D:7      | Found a staircase to the Ecumenical Temple.
  6630 | D:7      | Learned a level 2 spell: Call Imp
  6637 | Temple   | Entered the Ecumenical Temple
  6752 | Temple   | Became a worshipper of Dithmenos the Shadowed
  6862 | D:7      | Reached XP level 9. HP: 37/53 MP: 4/13
  6904 | D:7      | Slain by an orc warrior

Skill      XL: |  1  2  3  4  5  6  7  8 |
---------------+-------------------------+-----
Ice Magic      | 4 5 6 7 |  7.0
Spellcasting   | 3 |  3.1
Short Blades   | 1 4 |  4.0
Shields        | 1 2 3 |  3.0
Stealth        | 3 4 |  4.0
Fighting       | 3 4 |  4.9
Summonings     | 2 |  2.5
Dodging        | |  2.4
Conjurations   | |  1.0
Necromancy     | |  0.8

Action                   |  1- 3 |  4- 6 |  7- 9 || total
-------------------------+-------+-------+-------++-------
Melee: Dagger            |    66 |   161 |   114 ||   341
       Kick              |       |       |    10 ||    10
       Hand axe          |       |       |     2 ||     2
       Spear             |       |       |     2 ||     2
 Cast: Freeze            |    26 |    54 |    37 ||   117
       Animate Skeleton  |       |    29 |    15 ||    44
       Ozocubu's Armour  |       |     2 |     4 ||     6
       Throw Frost       |       |     2 |     6 ||     8
       Call Imp          |       |       |     2 ||     2
Evoke: Wand              |       |     2 |       ||     2
  Use: Potion            |     1 |       |     2 ||     3
       Scroll            |     4 |    10 |     9 ||    23
 Stab: Sleeping          |     7 |    10 |    11 ||    28
       Distracted        |     1 |     1 |       ||     2
  Eat: Chunk             |    10 |    11 |     8 ||    29
Armor: Robe              |    17 |    33 |    16 ||    66
Dodge: Dodged            |    60 |   125 |    74 ||   259
Block: Buckler           |       |     4 |    38 ||    42
